 Dungeon Crawl Stone Soup version 0.30-a0-953-g5f1da4a474 (webtiles) character file.

Game seed: 12215025764555843396

400 qeuew the Shield-Bearer (level 7, -5/54 HPs)
             Began as a Formicid Fighter on Mar 28, 2023.
             Was an Initiate of Gozag.
             Slain by a gnoll bouda
             ... wielding a +0 whip
              (11 damage)
             ... on level 4 of the Dungeon.
             The game lasted 00:03:37 (2959 turns).

qeuew the Shield-Bearer (Formicid Fighter)          Turns: 2959, Time: 00:03:37

Health: -5/54      AC:  9    Str: 23    XL:     7   Next: 10%
Magic:  7/7        EV: 10    Int:  7    God:    Gozag
Gold:   194        SH:  5    Dex: 13    Spells: 6/6 levels left

rFire   . . .      SeeInvis +    a - +0 war axe
rCold   . . .      Faith    .    c - +0 buckler
rNeg    . . .      Spirit   .    b - +0 scale mail
rPois   .          Reflect  .    (helmet unavailable)
rElec   .          Rampage  .    (no cloak)
rCorr   .                        i - +1 pair of gloves
Will    .....                    (no boots) Stlth
                                 (no amulet)
HPRegen 0.29/turn                (no ring)
MPRegen 0.10/turn                (no ring)

@: weakened
A: permanent stasis, dig shafts and tunnels, antennae 3, four strong arms
a: Dig, Shaft Self, Renounce Religion, Potion Petition, Call Merchant, Bribe
Branch


You were on level 4 of the Dungeon.
You worshipped Gozag.
Gozag was aware of your devotion.
You visited 1 branch of the dungeon, and saw 4 of its levels.

You collected 236 gold pieces.
You paid 42 gold pieces to Gozag.

Inventory:

Hand Weapons
 a - a +0 war axe (weapon)
Missiles
 g - 2 throwing nets
Armour
 b - a +0 scale mail (worn)
 c - a +0 buckler (worn)
 i - a +1 pair of gloves (worn)
Scrolls
 e - a scroll of enchant weapon {unknown}
 f - a scroll of enchant armour {unknown}
 j - a scroll of fog {unknown}
 k - a scroll of fear
 m - a scroll of identify
Potions
 d - a potion of might
 h - a potion of curing


   Skills:
 + Level 4.3 Fighting
 * Level 4.0 Axes
 * Level 5.0 Armour
 + Level 2.0 Dodging
 + Level 5.3 Shields


You had 6 spell levels left.
You didn't know any spells.
Your spell library contained the following spells:

 Spells                   Type           Power      Damage    Failure   Level
 Lesser Beckoning         Tloc           0%         N/A       90%         2
 Momentum Strike          Conj/Tloc      0%         3d8       90%         2
 Ozocubu's Armour         Ice            0%         N/A       99%         3
 Metabolic Englaciation   Hex/Ice        0%         N/A       100%        5
 Blink                    Tloc           Unusable   N/A       N/A         2
 Simulacrum               Ice/Necr       Unusable   N/A       N/A         6

Dungeon Overview and Level Annotations

Branches:
Dungeon (4/15)
 Temple: D:4-7

Altars:
Gozag
Hepliaklqana
Zin


Innate Abilities, Weirdness & Mutations

You cannot be hasted, slowed, berserked, paralysed or teleported.
You can dig through walls and to a lower floor.
You have a pair of large antennae on your head. (SInv)
Your four strong arms can wield two-handed weapons with a shield.


Message History

You barely miss the gnoll bouda.
The gnoll bouda is heavily wounded.
The gnoll bouda utters an invocation to its god.
The gnoll bouda is healed somewhat.
You hit the gnoll bouda.
The gnoll bouda is heavily wounded.
The gnoll bouda barely misses you.
You closely miss the gnoll bouda.
The gnoll bouda is heavily wounded.
The gnoll bouda barely misses you.
The gnoll bouda hits you but does no damage.
You hit the gnoll bouda but do no damage.
The gnoll bouda is heavily wounded.
The gnoll bouda hits you with a +0 whip.
* * * LOW HITPOINT WARNING * * *
You hit the gnoll bouda.
The gnoll bouda is almost dead.
The gnoll bouda gazes fiercely through you!
You feel as though you will be weak longer.
The gnoll bouda closely misses you.
The gnoll bouda hits you with a +0 whip.
* * * LOW HITPOINT WARNING * * *
You barely miss the gnoll bouda.
The gnoll bouda is almost dead.
The gnoll bouda hits you but does no damage.
You hit the gnoll bouda.
The gnoll bouda is almost dead.
The gnoll bouda barely misses you.
You barely miss the gnoll bouda.
The gnoll bouda is almost dead.
The gnoll bouda gazes fiercely through you!
You feel as though you will be weak longer.
You block the gnoll bouda's attack.
The gnoll bouda mumbles some strange prayers to its god.
The gnoll bouda is healed somewhat.
You barely miss the gnoll bouda.
The gnoll bouda is severely wounded.
The gnoll bouda hits you with a +0 whip!
You die...
Your body crumbles into a pile of gold.

..... ... #.#
#### ... ....
# #.# ####
.### .##.#
..... ...##
......##g.##
######
......$@..!#
#.....
.####.###.$#
#.####
#.###$.###
#.#
#........#
#.#
#####..#.#
#.# #..#.#
#.#
#..#.######.#
#..#........#
#..##.#.#####


You could see a gnoll bouda.

Vanquished Creatures
  A scorpion (D:4)
  2 hounds (D:4)
  An orc priest (D:3)
  Jessica (D:3)
  An iguana (D:4)
  An orc wizard (D:3)
  3 adders (D:2)
  9 gnolls
  A worm (D:3)
  A dart slug (D:4)
  An orc (D:3)
  8 ball pythons
  A bat (D:2)
  4 endoplasms
  3 giant cockroaches
  5 goblins
  6 hobgoblins
  3 quokkas
  4 frilled lizards
  5 kobolds
  7 rats
68 creatures vanquished.

Notes
Turn   | Place    | Note
-------+----------+-------------------------------------------
     0 | D:1      | qeuew the Formicid Fighter began the quest for the Orb.
     0 | D:1      | Reached XP level 1. HP: 18/18 MP: 1/1
   141 | D:1      | Reached XP level 2. HP: 22/24 MP: 2/2
   686 | D:2      | Reached XP level 3. HP: 29/29 MP: 3/3
   873 | D:2      | Reached XP level 4. HP: 25/35 MP: 4/4
   949 | D:2      | Reached skill level 1 in Dodging
  1213 | D:2      | Found a faded altar of an unknown god.
  1575 | D:3      | Reached XP level 5. HP: 39/42 MP: 5/5
  1829 | D:3      | Noticed Jessica
  1837 | D:3      | Killed Jessica
  1986 | D:3      | Found a glowing silver altar of Zin.
  1987 | D:3      | Found an opulent altar of Gozag.
  2003 | D:3      | Became a worshipper of Gozag Ym Sagoz the Greedy
  2403 | D:3      | Reached skill level 5 in Shields
  2403 | D:3      | Reached XP level 6. HP: 38/47 MP: 6/6
  2699 | D:4      | Found a hazy altar of Hepliaklqana.
  2789 | D:4      | Reached skill level 5 in Armour
  2789 | D:4      | Reached XP level 7. HP: 46/54 MP: 7/7
  2959 | D:4      | Slain by a gnoll bouda

Illustrated notes

Levels and vault maps discovered:
D:1:      dpeg_arrival_arbitrary_b, layout_basic
D:2:      layout_loops_ring, hellmonk_ecumenical_altar_inner_sanctum
D:3:      layout_loops_ring, grunt_temple_overflow_gold_and_silver,
          dreamdust_princess_bridge, kennysheep_generic_room_9, uniq_jessica
D:4:      layout_loops_ring, lemuel_doored_altar,
          gammafunk_temple_overflow_elements, serial_shops, shop

Skill      XL: |  1  2  3  4  5  6  7 |
---------------+----------------------+-----
Dodging        | 1 2 |  2.0
Armour         | 4 5 |  5.0
Axes           | 3 4 |  4.0
Shields        | 5 |  5.3
Fighting       | 4 |  4.3

Action                     |  1- 3 |  4- 6 |  7- 9 || total
---------------------------+-------+-------+-------++-------
  Melee: War axe           |    62 |   159 |    34 ||   255
    Use: Scroll            |     3 |     5 |       ||     8
         Potion            |       |     4 |     1 ||     5
   Stab: Distracted        |       |     1 |       ||     1
 Armour: Scale mail        |    27 |    71 |    12 ||   110
  Dodge: Dodged            |    29 |    73 |    19 ||   121
  Block: Buckler           |    25 |    43 |    12 ||    80

Table legend: (Time is in decaauts)
 A = Elapsed time spent in this place.
 B = Non-inter-level travel time spent in this place.
 C = Inter-level travel time spent in this place.
 D = Time resting spent in this place.
 E = Time spent auto-exploring this place.
 F = Levels seen in this place.
 G = Mean time per level.
                   A        B        C        D        E       F      G
               +--------+--------+--------+--------+--------+-----+--------+
         Total |   3055 |   2999 |     56 |     35 |   2361 |   4 |  763.8 |
       Dungeon |   3055 |   2999 |     56 |     35 |   2361 |   4 |  763.8 |
               +--------+--------+--------+--------+--------+-----+--------+

Top non-repeatable levels by time:
     D:3: 1051 daAuts
     D:2: 915 daAuts
     D:1: 696 daAuts
     D:4: 391 daAuts
